 Dungeon Crawl Stone Soup version 0.31.0-12-g77e489cdc1 (webtiles) character file.

Game seed: 11055860607690935845

81 Gadfly the Apothecary (level 4, -2/25 HPs)
             Began as a Deep Elf Alchemist on Feb 22, 2024.
             Killed from afar by an orc wizard (11 damage)
             ... with a puff of flame
             ... on level 3 of the Dungeon.
             The game lasted 00:02:40 (2358 turns).

Gadfly the Apothecary (Deep Elf Alchemist)          Turns: 2358, Time: 00:02:45

Health: -2/25      AC:  3    Str:  5    XL:     4   Next: 19%
Magic:  11/11      EV: 13    Int: 20    God:
Gold:   176        SH:  0    Dex: 17    Spells: 3/10 levels left

rFire   . . .        h - +0 short sword
rCold   . . .        (no shield)
rNeg    . . .        a - +0 robe
rPois   .            (no helmet)
rElec   .            (no cloak)
rCorr   .            (no gloves)
SInv    .            o - +0 pair of boots
Will    .....        (no amulet)
Stlth   ++           (no ring)
HPRegen 0.24/turn    (no ring)
MPRegen 0.12/turn

%: no passive effects
@: no status effects
A: no striking features
a: no special abilities


You were on level 3 of the Dungeon.
You visited 1 branch of the dungeon, and saw 3 of its levels.

You collected 176 gold pieces.

Inventory:

Hand Weapons
 h - a +0 short sword (weapon)
Armour
 a - a +0 robe (worn)
 o - a +0 pair of boots (worn)
Scrolls
 d - a scroll of brand weapon {unknown}
 f - a scroll of teleportation
 j - a scroll of enchant armour {unknown}
 l - 3 scrolls of poison {unknown}
Potions
 b - a potion of magic
 c - a potion of enlightenment {unknown}
 e - 2 potions of ambrosia
 g - a potion of might
 i - a potion of resistance {unknown}
 k - a potion of curing
 m - a potion of attraction {unknown}
 n - a potion of cancellation {unknown}
 p - a potion of brilliance {unknown}


   Skills:
 + Level 1.0 Fighting
 + Level 3.2 Dodging
 - Level 2.4 Stealth
 + Level 3.5 Spellcasting
 + Level 1.7 Conjurations
 + Level 1.2 Fire Magic
 + Level 3.6 Alchemy
 + Level 1.2 Evocations


You had 3 spell levels left.
You knew the following spells:

 Your Spells              Type           Power      Damage    Failure   Level
a - Sting                 Conj/Alch      56%        1d6       4%          1
b - Mercury Vapours       Alch/Air       20%        N/A       10%         2
c - Olgreb's Toxic Radia  Alch           18%        N/A       30%         4

Your spell library contained the following spells:

 Spells                   Type           Power      Damage    Failure   Level
 Mephitic Cloud           Conj/Alch/Air  10%        N/A       19%         3
 Fugue of the Fallen      Necr           3%         N/A       38%         3
 Ozocubu's Armour         Ice            3%         N/A       38%         3
 Sticky Flame             Fire/Alch      13%        2d5       43%         4
 Manifold Assault         Tloc           3%         N/A       80%         4


Dungeon Overview and Level Annotations

Branches:
Dungeon (3/15)

Altars:
Gozag


Message History

An adder comes into view.
An adder is nearby!
An adder is nearby!
An adder is nearby!
You can't see any susceptible monsters within range! (Use Z to cast anyway.)
You can't see any susceptible monsters within range! (Use Z to cast anyway.)
The sting hits the adder.
The adder is poisoned.
The adder is heavily wounded.
The adder hisses angrily.
The sting misses the adder.
The sting misses the adder.
The adder barely misses you.
An adder is nearby!
An adder is nearby!
The sting misses the adder.
The adder barely misses you.
The sting hits the adder.
The adder looks even sicker.
You kill the adder!
You can't see any susceptible monsters within range! (Use Z to cast anyway.)
You see here an adder corpse.
You pick up a book of Battle and begin reading...
You add the spells Fugue of the Fallen, Ozocubu's Armour and Manifold Assault to your library.
You enter the shallow water.
Moving in this stuff is going to be slow.
l - 3 scrolls labelled XOZEEXK CUAMN (gained 1)
p - a purple potion A quokka comes into view.
Found a ring mail.
A quokka is nearby!
A quokka is nearby!
A quokka is nearby!
You can't see any susceptible monsters within range! (Use Z to cast anyway.)
You can't see any susceptible monsters within range! (Use Z to cast anyway.)
You can't see any susceptible monsters within range! (Use Z to cast anyway.)
An orc priest and 2 orc wizards come into view.
The orc wizard shouts! x2; You hear a shout!
The orc priest calls down the wrath of Beogh upon you.
Beogh smites you!
Ouch! That really hurt!
The orc wizard casts a spell at you. The puff of flame hits you!
You die...

#.#.....##.#
#.#.....##.# #
#.#.....##.# .#
#.#.#.#.##.##.#
#.#.#.#.##.#.. #
#.#.#.#.##..#
.###
#.#.#.#.##..#
.....
#...........#oo.#
###....[...@..o#
###.########.#
#......... #
##########


You could see an orc priest and 2 orc wizards.

Vanquished Creatures
  3 adders
  2 dart slugs (D:1)
  2 ribbon worms (D:2)
  5 endoplasms
  2 giant cockroaches (D:2)
  2 goblins
  5 hobgoblins
  3 jackals (D:1)
  A quokka (D:2)
  7 ball pythons
  6 bats
  2 kobolds
  4 rats
44 creatures vanquished.

Notes
Turn   | Place    | Note
-------+----------+-------------------------------------------
     0 | D:1      | Gadfly the Deep Elf Alchemist began the quest for the Orb.
     0 | D:1      | Reached XP level 1. HP: 10/10 MP: 6/6
   280 | D:1      | Reached XP level 2. HP: 15/15 MP: 5/8
   766 | D:1      | Reached XP level 3. HP: 16/20 MP: 6/9
   872 | D:1      | Reached skill level 1 in Evocations
  1195 | D:1      | Learned a level 2 spell: Mercury Vapours
  1383 | D:2      | Reached skill level 1 in Fire Magic
  1886 | D:2      | Reached XP level 4. HP: 24/24 MP: 9/11
  1891 | D:2      | Learned a level 4 spell: Olgreb's Toxic Radiance
  2014 | D:2      | Reached skill level 1 in Fighting
  2183 | D:3      | Found an opulent altar of Gozag.
  2358 | D:3      | Killed from afar by an orc wizard

Illustrated notes

Levels and vault maps discovered:
D:1:      roderic_dead_forest, layout_basic, minivault_11
D:2:      layout_loops_ring, st_stairs_8, minmay_3d_cube
D:3:      layout_loops_ring, mainiacjoe_overflow_concentric_impassable,
          serial_shops, shop, minivault_19, serial_bayou_pond_d

Skill      XL: |  1  2  3  4 |
---------------+-------------+-----
Evocations     | 1 |  1.2
Dodging        | 3 |  3.2
Fire Magic     | 1 |  1.2
Fighting       | 1 |  1.0
Stealth        | |  2.4
Spellcasting   | |  3.5
Conjurations   | |  1.7
Alchemy        | |  3.6

Action                     |  1- 3 |  4- 6 || total
---------------------------+-------+-------++-------
  Melee: Unarmed           |    16 |       ||    16
         Short sword       |    20 |     2 ||    22
         Punch             |     1 |       ||     1
   Cast: Sting             |    77 |    12 ||    89
    Use: Scroll            |     6 |       ||     6
         Potion            |       |     1 ||     1
   Stab: Sleeping          |     2 |       ||     2
 Armour: Robe              |    23 |     2 ||    25
  Dodge: Dodged            |    35 |     2 ||    37
